cohdb
Replays
Latest Replays
All Replays
Popular Replays
Top Player Replays
Match Explorer
How It Works
Community
CoH3 Stats
Reddit
Sign in to upload your games and track your stats! →
Sign in with Steam
Match 41567205
Unlisted
Match 41567205
Overview
Messages
Build Orders
End
Royal Engineer Section
Construct Section Command Post
Selects Canadian Shock Battlegroup
Dingo Light Scout Car
Infantry Section
Infantry Section
Selects Attacking Spirit
Selects Canadian Shock Section
Canadian Shock Section
Construct Platoon Command Post
Construct Field Infirmary
Selects Incendiary Munitions
Humber Armored Car
Vickers Machine Gun Team
Selects Pyrotechnics
Construct Company Command Post
Foot Guards Section
Infantry Section
Crusader II Medium Tank
6-pounder Anti-tank Gun Team
BIOHAZARD
[LoB]Fagio
男娘不如路边一条
刃下心
0
0
Comments
sign in to comment!
No comments posted yet!